[Event "4NCL 2019-20"]
[Site "Daventry"]
[Date "2020.01.11"]
[Round "3"]
[White "Wu, Li"]
[Black "Ledger, Stephen C"]
[Result "1-0"]
[ECO "A59"]
[WhiteElo "2291"]
[BlackElo "2013"]
[Annotator "ChessBase"]
[PlyCount "81"]
[EventDate "2020.01.11"]
[EventCountry "ENG"]
[SourceTitle "playchess.com"]
[Source "ChessBase"]
[SourceQuality "1"]
[TimeControl "40/6000:3000+30"]

1. d4 Nf6 2. c4 c5 3. d5 b5 4. cxb5 a6 5. bxa6 Bxa6 6. Nc3 g6 7. e4 Bxf1 8. Kxf1 d6 9. g3 Bg7 10. Kg2 O-O 11. Nf3 Nbd7 12. a4 Qb6 13. Ra3 Rfb8 14. Nd2 Ne8 15. h4 h5 16. Nb5 Nc7 17. Nc4 Qb7 18. Nxc7 Qxc7 19. Qc2 Ne5 20. b3 Nxc4 21. bxc4 Rb4 22. Bd2 Rb2 23. Qd3 Qb7 24. a5 Rb8 25. a6 Qa7 26. Rha1 Rxd2 27. Qxd2 Bxa1 28. Rxa1 Rb4 29. Qc2 Kh7 30. Ra5 f6 31. Qa2 Rb6 32. Qa4 Kg7 33. Qe8 Rb8 34. Qc6 Rb6 35. Ra2 Rb8 36. f4 Kf7 37. e5 fxe5 38. fxe5 dxe5 39. Qe6+ Kg7 40. Rf2 Kh6 41. Qxe5 1-0

[Event "4NCL 2019-20"]
[Site "Daventry"]
[Date "2020.01.11"]
[Round "3"]
[White "Sowray, Peter J"]
[Black "Quinn, John M"]
[Result "1-0"]
[ECO "A65"]
[WhiteElo "2272"]
[BlackElo "2139"]
[Annotator "ChessBase"]
[PlyCount "81"]
[EventDate "2020.01.11"]
[EventCountry "ENG"]
[SourceTitle "playchess.com"]
[Source "ChessBase"]
[SourceQuality "1"]
[TimeControl "40/6000:3000+30"]

1. d4 Nf6 2. c4 g6 3. Nc3 Bg7 4. e4 d6 5. f3 O-O 6. Be3 c5 7. Nge2 Nc6 8. d5 Ne5 9. Ng3 e6 10. Be2 exd5 11. cxd5 a6 12. a4 Bd7 13. O-O b5 14. h3 Rb8 15. f4 Nc4 16. Bxc4 bxc4 17. Qd2 Re8 18. e5 dxe5 19. fxe5 Rxe5 20. Bxc5 Nh5 21. Nge4 f5 22. Ng5 Ng3 23. Rf2 h6 24. Nf3 Ne4 25. Nxe4 Rxe4 26. Bd4 Bxd4 27. Nxd4 Qb6 28. Nf3 Kh7 29. a5 Qc5 30. Kh1 Rb3 31. Rc1 Rd3 32. Qxd3 Qxf2 33. Qa3 Re2 34. Rg1 f4 35. Qf8 Bf5 36. Ne5 Be4 37. Qf7+ Kh8 38. Nxg6+ Bxg6 39. Qxg6 Rxb2 40. d6 f3 41. Qxh6+ 1-0

[Event "4NCL 2019-20"]
[Site "Daventry"]
[Date "2020.01.11"]
[Round "3"]
[White "Abbas, Daniel"]
[Black "McPhillips, Joseph"]
[Result "0-1"]
[ECO "C03"]
[WhiteElo "2251"]
[BlackElo "2434"]
[Annotator "ChessBase"]
[PlyCount "96"]
[EventDate "2020.01.11"]
[EventCountry "ENG"]
[SourceTitle "playchess.com"]
[Source "ChessBase"]
[SourceQuality "1"]
[TimeControl "40/6000:3000+30"]

1. e4 e6 2. d4 d5 3. Nd2 h6 4. Ngf3 Nf6 5. e5 Nfd7 6. Bd3 c5 7. c3 Nc6 8. a3 Qb6 9. O-O cxd4 10. cxd4 a5 11. Rb1 Be7 12. Re1 g5 13. h3 h5 14. Nf1 g4 15. hxg4 hxg4 16. N3h2 Qxd4 17. Nxg4 Nc5 18. Bb5 Qxd1 19. Rxd1 Bd7 20. Be2 O-O-O 21. Be3 Be8 22. b4 axb4 23. axb4 Ne4 24. Rdc1 d4 25. b5 dxe3 26. bxc6 Bxc6 27. Nfxe3 Kc7 28. Bf3 Nd2 29. Bxc6 bxc6 30. Ra1 Nb3 31. Ra7+ Kb6 32. Rxc6+ Kxc6 33. Rxe7 Ra8 34. g3 Ra1+ 35. Kg2 Nd2 36. Rxf7 Rhh1 37. f4 Rhg1+ 38. Kf2 Ne4+ 39. Kf3 Ra4 40. f5 Ng5+ 41. Kf2 Rc1 42. fxe6 Ra2+ 43. Nc2 Rcxc2+ 44. Ke3 Re2+ 45. Kf4 Nxf7 46. exf7 Rf2+ 47. Nxf2 Rxf2+ 48. Kg5 Kd5 0-1

[Event "4NCL 2019-20"]
[Site "Daventry"]
[Date "2020.01.11"]
[Round "3"]
[White "House, Glenn L"]
[Black "Wells, Peter K"]
[Result "0-1"]
[ECO "A04"]
[WhiteElo "2239"]
[BlackElo "2390"]
[Annotator "ChessBase"]
[PlyCount "98"]
[EventDate "2020.01.11"]
[EventCountry "ENG"]
[SourceTitle "playchess.com"]
[Source "ChessBase"]
[SourceQuality "1"]
[TimeControl "40/6000:3000+30"]

1. Nf3 c5 2. g3 Nc6 3. Bg2 g6 4. d3 Bg7 5. e4 d6 6. O-O e5 7. c3 Nge7 8. a3 O-O 9. b4 a6 10. Nbd2 h6 11. Bb2 Be6 12. Nb3 b6 13. Re1 Ra7 14. Rb1 f5 15. exf5 gxf5 16. Nh4 Bf6 17. Nf3 Kh7 18. Nfd2 a5 19. b5 Nb8 20. c4 Ng6 21. d4 Re7 22. d5 Bc8 23. Nf1 e4 24. Bxf6 Rxf6 25. Qc2 Nd7 26. Rbd1 Nde5 27. Nc1 Rg7 28. Nd2 h5 29. Re3 h4 30. Ne2 Kg8 31. f4 Ng4 32. Rb3 hxg3 33. hxg3 Rff7 34. Nf1 Rh7 35. Ne3 Nxe3 36. Rxe3 Rfg7 37. Kf2 Nf8 38. Rh1 Rxh1 39. Bxh1 Nd7 40. Bg2 Nf6 41. Bh3 Rh7 42. Kg2 Rxh3 43. Kxh3 Ng4 44. Qc1 Qf6 45. Kg2 Qh8 46. Qg1 Qb2 47. Kh3 Qd2 48. Qa1 Qxe3 49. Kh4 Qxe2 0-1

[Event "4NCL 2019-20"]
[Site "Daventry"]
[Date "2020.01.11"]
[Round "3"]
[White "Carleton, John J"]
[Black "Palliser, Richard J D"]
[Result "0-1"]
[ECO "E93"]
[WhiteElo "2238"]
[BlackElo "2399"]
[Annotator "RC"]
[PlyCount "80"]
[EventDate "2020.01.11"]
[EventCountry "ENG"]
[SourceTitle "playchess.com"]
[Source "ChessBase"]
[SourceQuality "1"]
[TimeControl "40/6000:3000+30"]

1. d4 Nf6 2. c4 g6 3. Nc3 Bg7 4. e4 d6 5. Nf3 O-O 6. Be2 e5 7. d5 a5 8. Bg5 h6 9. Bh4 Na6 10. O-O Nc5 11. Nd2 Qd7 12. Qc2 Nh5 13. Bxh5 gxh5 14. f3 f5 15. exf5 Qxf5 16. Nde4 Qg6 17. Qe2 Nxe4 18. Nxe4 Bf5 19. Rad1 Bxe4 20. fxe4 Rf4 21. Rxf4 exf4 22. Rf1 Be5 23. Be1 Qg4 24. Qf3 Qxf3 25. Rxf3 Bxb2 26. Rb3 Bd4+ 27. Bf2 Bf6 28. Rxb7 Re8 29. Rxc7 Rxe4 30. Kf1 a4 31. c5 dxc5 32. d6 Rb4 33. d7 Rb1+ 34. Ke2 Rb2+ 35. Kf3 Rxa2 36. Bxc5 Rd2 37. Bb6 a3 38. Rc8+ Kf7 39. d8=Q Bxd8 40. Rxd8 Rxd8 0-1

[Event "4NCL 2019-20"]
[Site "Daventry"]
[Date "2020.01.11"]
[Round "3"]
[White "Holland, James P"]
[Black "French, Max"]
[Result "0-1"]
[ECO "B13"]
[WhiteElo "2228"]
[BlackElo "2168"]
[Annotator "ChessBase"]
[PlyCount "82"]
[EventDate "2020.01.11"]
[EventCountry "ENG"]
[SourceTitle "playchess.com"]
[Source "ChessBase"]
[SourceQuality "1"]
[TimeControl "40/6000:3000+30"]

1. e4 c6 2. d4 d5 3. exd5 cxd5 4. Bd3 Nc6 5. c3 Qc7 6. h3 Nf6 7. Nf3 g6 8. Na3 a6 9. Nc2 Bg7 10. Qe2 O-O 11. O-O Bf5 12. Bxf5 gxf5 13. Nfe1 e6 14. Nd3 Ne4 15. Bf4 Qe7 16. Rae1 Kh8 17. Ne3 Bf6 18. Qh5 Qd8 19. f3 Nd2 20. Ng4 Nxf1 21. Nxf6 Qxf6 22. Ne5 Ng3 23. Bxg3 Qg7 24. Bh4 Nxe5 25. dxe5 Qg6 26. Bf6+ Kg8 27. Qh4 h6 28. g4 Kh7 29. Re2 Rac8 30. Rg2 Rg8 31. Qf2 Rc6 32. Qa7 fxg4 33. hxg4 Rc7 34. Qb6 Rd7 35. Qd4 Rc8 36. Rd2 Rdc7 37. Qb6 Qb1+ 38. Kf2 Rxc3 39. Qxb7 Kg8 40. Qxa6 Rc2 41. Kg3 Qe1+ 0-1

[Event "4NCL 2019-20"]
[Site "Daventry"]
[Date "2020.01.11"]
[Round "3"]
[White "Jarvinen, Rauno"]
[Black "Cox, John J"]
[Result "0-1"]
[ECO "A36"]
[WhiteElo "2197"]
[BlackElo "2308"]
[Annotator "ChessBase"]
[PlyCount "120"]
[EventDate "2020.01.11"]
[EventCountry "ENG"]
[SourceTitle "playchess.com"]
[Source "ChessBase"]
[SourceQuality "1"]
[TimeControl "40/6000:3000+30"]

1. c4 g6 2. g3 Bg7 3. Bg2 c5 4. Nc3 Nc6 5. a3 b6 6. d3 Bb7 7. Nf3 e6 8. Bf4 d6 9. O-O Nge7 10. Rb1 Qd7 11. Qc1 Nd4 12. e4 O-O 13. Nxd4 cxd4 14. Ne2 Rac8 15. b3 d5 16. f3 b5 17. c5 dxe4 18. fxe4 e5 19. Bg5 f6 20. Bd2 f5 21. b4 Bc6 22. Qc2 Kh8 23. Nc1 Ng8 24. Nb3 Nf6 25. Rbe1 fxe4 26. dxe4 h5 27. h3 Kh7 28. Bg5 Qe6 29. Nd2 Bh6 30. Bxh6 Kxh6 31. Nf3 Kg7 32. Ng5 Qg8 33. Rf2 Nh7 34. Nf3 Rce8 35. Qd2 Qb3 36. Qb2 Qe6 37. Qd2 Qb3 38. Qb2 Qe6 39. Qd2 Qe7 40. Kh2 g5 41. Qe2 h4 42. Ref1 hxg3+ 43. Kxg3 Qe6 44. Ne1 Rf4 45. Nd3 Qg6 46. Nxf4 gxf4+ 47. Kh2 Qg3+ 48. Kh1 Ng5 49. Rf3 Nxf3 50. Rxf3 Qg6 51. Rd3 Kf6 52. Rd1 Rg8 53. Rf1 Qg3 54. Rf2 d3 55. Qh5 Bxe4 56. Qh6+ Qg6 57. Rxf4+ exf4 58. Qxf4+ Bf5 59. Qd4+ Ke7 60. Qe5+ Qe6 0-1

[Event "4NCL 2019-20"]
[Site "Daventry"]
[Date "2020.01.11"]
[Round "3"]
[White "Clarke, Stuart W"]
[Black "Houska, Jovanka"]
[Result "0-1"]
[ECO "B14"]
[WhiteElo "2195"]
[BlackElo "2401"]
[Annotator "RC"]
[PlyCount "62"]
[EventDate "2020.01.11"]
[EventCountry "ENG"]
[SourceTitle "playchess.com"]
[Source "ChessBase"]
[SourceQuality "1"]
[TimeControl "40/6000:3000+30"]

1. e4 c6 2. d4 d5 3. exd5 cxd5 4. c4 Nf6 5. Nc3 g6 6. Qb3 Bg7 7. cxd5 O-O 8. Be2 Na6 9. Bf4 Qa5 10. a3 Rd8 11. Bf3 Nc7 12. Bxc7 Qxc7 13. h3 e6 14. Nge2 exd5 15. O-O Be6 16. Rad1 Rac8 17. Rfe1 h5 18. h4 Bh6 19. g3 Rd6 20. Nc1 Rb6 21. Qa2 Ne4 22. Bxe4 dxe4 23. d5 Bg4 24. N1e2 Bf3 25. Rd4 e3 26. d6 Qd7 27. Nf4 Rxd6 28. Ncd5 Bxd5 29. Nxd5 exf2+ 30. Kxf2 Rc2+ 31. Re2 Qf5+ 0-1

[Event "4NCL 2019-20"]
[Site "Daventry"]
[Date "2020.01.11"]
[Round "3"]
[White "Sucikova, Svetlana"]
[Black "Latham, David"]
[Result "1/2-1/2"]
[ECO "E65"]
[WhiteElo "2160"]
[BlackElo "2064"]
[Annotator "ChessBase"]
[PlyCount "116"]
[EventDate "2020.01.11"]
[EventCountry "ENG"]
[SourceTitle "playchess.com"]
[Source "ChessBase"]
[SourceQuality "1"]
[TimeControl "40/6000:3000+30"]

1. c4 Nf6 2. g3 g6 3. Bg2 Bg7 4. Nc3 c5 5. Nf3 O-O 6. d4 cxd4 7. Nxd4 a6 8. O-O Qc7 9. b3 Nc6 10. Bb2 d6 11. Rc1 Nd7 12. Nd5 Qd8 13. Nxc6 bxc6 14. Bxg7 Kxg7 15. Nb4 Ne5 16. Nxc6 Nxc6 17. Bxc6 Bh3 18. Bg2 Bxg2 19. Kxg2 Qa5 20. Rc2 Rfc8 21. Qd4+ f6 22. Rd1 Rc5 23. Qe4 Ra7 24. Rd5 Rac7 25. Rxc5 dxc5 26. Qe6 Rb7 27. h4 h5 28. Qd5 Qc7 29. Rc3 a5 30. a4 Rb6 31. Re3 Rd6 32. Qe4 e5 33. Kh2 Rd4 34. Qa8 Rd8 35. Qa6 Rd6 36. Qb5 Kf7 37. Kg2 Rd8 38. Qa6 f5 39. Rf3 e4 40. Re3 Rd6 41. Qb5 Rd1 42. f3 exf3+ 43. exf3 Qd8 44. Qb7+ Kf8 45. Re2 Rd2 46. Kf1 Rd1+ 47. Kg2 Rd2 48. Rxd2 Qxd2+ 49. Kh3 Qf2 50. Qc8+ Kf7 51. Qd7+ Kf6 52. Qd1 Kf7 53. Qd5+ Kf6 54. f4 Qf1+ 55. Kh2 Qf2+ 56. Qg2 Qxg2+ 57. Kxg2 Ke6 58. Kf3 Kd6 1/2-1/2

[Event "4NCL 2019-20"]
[Site "Daventry"]
[Date "2020.01.11"]
[Round "3"]
[White "Stewart, Ashley"]
[Black "Pert, Nicholas"]
[Result "0-1"]
[ECO "A11"]
[WhiteElo "2152"]
[BlackElo "2558"]
[Annotator "ChessBase"]
[PlyCount "78"]
[EventDate "2020.01.11"]
[EventCountry "ENG"]
[SourceTitle "playchess.com"]
[Source "ChessBase"]
[SourceQuality "1"]
[TimeControl "40/6000:3000+30"]

1. c4 Nf6 2. g3 c6 3. Bg2 d5 4. Nf3 dxc4 5. O-O Nbd7 6. Na3 Nb6 7. Ne5 Be6 8. Qc2 Qd4 9. Nxc6 bxc6 10. Bxc6+ Nfd7 11. Bxa8 Nxa8 12. d3 Bh3 13. Rd1 Qd5 14. f3 Qd4+ 15. e3 Qf6 16. Qxc4 Nab6 17. Qf4 Qxf4 18. gxf4 e5 19. fxe5 Nxe5 20. Kf2 h5 21. f4 Bg4 22. Rd2 Nf3 23. Rc2 Be7 24. Bd2 Nxh2 25. Rc7 Nf3 26. Ba5 Bh4+ 27. Kg2 Nd5 28. Rxa7 Nxe3+ 29. Kh1 Bh3 30. Rg1 Nxg1 31. Kxg1 O-O 32. Nc4 Ng4 33. Rb7 Re8 34. Ne5 Bf2+ 35. Kh1 Nxe5 36. fxe5 Rxe5 37. Bc3 Rg5 38. Kh2 Be6 39. a4 Bg1+ 0-1

[Event "4NCL 2019-20"]
[Site "Daventry"]
[Date "2020.01.11"]
[Round "3"]
[White "Eames, Robert S"]
[Black "Atalik, Ekaterina"]
[Result "0-1"]
[ECO "B12"]
[WhiteElo "2150"]
[BlackElo "2450"]
[Annotator "ChessBase"]
[PlyCount "88"]
[EventDate "2020.01.11"]
[EventCountry "ENG"]
[SourceTitle "playchess.com"]
[Source "ChessBase"]
[SourceQuality "1"]
[TimeControl "40/6000:3000+30"]

1. e4 c6 2. d4 d5 3. e5 Bf5 4. h4 h6 5. g4 Bd7 6. h5 e6 7. f4 c5 8. c3 Qb6 9. Nf3 Bb5 10. Bxb5+ Qxb5 11. Na3 Qa6 12. Nc2 Nd7 13. Kf2 Ne7 14. Be3 Nc6 15. f5 Be7 16. Qd2 O-O-O 17. b4 cxb4 18. cxb4 Qa4 19. Rhb1 Nb6 20. Bf4 a6 21. Qc3 Kb8 22. f6 Rc8 23. fxg7 Rhg8 24. Qb3 Rxg7 25. Ne3 Qxb3 26. Rxb3 Rh7 27. b5 Na5 28. Rbb1 Ka7 29. bxa6 bxa6 30. Rc1 Nac4 31. Nxc4 dxc4 32. Rc2 Nd5 33. Kg3 c3 34. a3 Rc4 35. Bc1 Bd8 36. Rh2 Rh8 37. Raa2 Bb6 38. Raf2 Bxd4 39. Nxd4 Rxd4 40. Rxf7+ Kb6 41. g5 Rd1 42. Rc2 hxg5 43. Rd7 Kc5 44. Rd6 Kc4 0-1

[Event "4NCL 2019-20"]
[Site "Daventry"]
[Date "2020.01.11"]
[Round "3"]
[White "Bremner, Adam"]
[Black "Makepeace, Philip J"]
[Result "1-0"]
[ECO "B38"]
[WhiteElo "2148"]
[BlackElo "2076"]
[Annotator "NA"]
[PlyCount "87"]
[EventDate "2020.01.11"]
[EventCountry "ENG"]
[SourceTitle "playchess.com"]
[Source "ChessBase"]
[SourceQuality "1"]
[TimeControl "40/6000:3000+30"]

1. c4 c5 2. Nf3 Nf6 3. d4 cxd4 4. Nxd4 g6 5. Nc3 Bg7 6. e4 d6 7. Be2 Nc6 8. Be3 Bd7 9. O-O O-O 10. Rc1 Nxd4 11. Bxd4 Bc6 12. Bf3 Qa5 13. Qd2 Nd7 14. Rfd1 Bxd4 15. Qxd4 Qg5 16. b4 Ne5 17. Be2 Rfc8 18. g3 Ng4 19. h4 Qh5 20. e5 Bd7 21. Nd5 Re8 22. e6 Bxe6 23. Nf4 Qf5 24. Nxe6 Qxf2+ 25. Qxf2 Nxf2 26. Kxf2 fxe6 27. Bf3 Rf8 28. Kg2 Rf6 29. Rf1 Rb8 30. c5 d5 31. Rce1 Kf7 32. Bg4 Rd8 33. Rxf6+ Kxf6 34. Rxe6+ Kf7 35. Re2 h5 36. Rf2+ Kg7 37. Be6 d4 38. Kf1 d3 39. Ke1 Rd4 40. Rf4 d2+ 41. Kd1 Rd3 42. Rf7+ Kh8 43. Rxe7 Rxg3 44. Rxb7 1-0

[Event "4NCL 2019-20"]
[Site "Daventry"]
[Date "2020.01.11"]
[Round "3"]
[White "Dicu, Dan-Alexandru"]
[Black "Bhatia, Kanwal K"]
[Result "1-0"]
[ECO "C56"]
[WhiteElo "2106"]
[BlackElo "2037"]
[Annotator "ChessBase"]
[PlyCount "63"]
[EventDate "2020.01.11"]
[EventCountry "ENG"]
[SourceTitle "playchess.com"]
[Source "ChessBase"]
[SourceQuality "1"]
[TimeControl "40/6000:3000+30"]

1. e4 e5 2. Nf3 Nc6 3. d4 exd4 4. Bc4 Nf6 5. e5 d5 6. Bb5 Ne4 7. Nxd4 Bd7 8. Bxc6 bxc6 9. O-O Be7 10. f3 Ng5 11. f4 Ne4 12. c3 c5 13. Ne2 Bb5 14. Na3 Bc6 15. f5 Qd7 16. Nc2 O-O-O 17. b4 Rhe8 18. Be3 Bf8 19. bxc5 Rxe5 20. Rb1 d4 21. cxd4 Rxf5 22. Nb4 Rxf1+ 23. Qxf1 Bb5 24. a4 Bc4 25. Qf3 Re8 26. Nc3 f5 27. Nb5 c6 28. Nxc6 Bxb5 29. axb5 Nc3 30. Ra1 Nxb5 31. Nxa7+ Kb8 32. Nxb5 1-0

[Event "4NCL 2019-20"]
[Site "Daventry"]
[Date "2020.01.11"]
[Round "3"]
[White "Lucchi, Lorenzo"]
[Black "Purton, Ben J"]
[Result "0-1"]
[ECO "B70"]
[WhiteElo "2096"]
[BlackElo "2138"]
[Annotator "ChessBase"]
[PlyCount "58"]
[EventDate "2020.01.11"]
[EventCountry "ENG"]
[SourceTitle "playchess.com"]
[Source "ChessBase"]
[SourceQuality "1"]
[TimeControl "40/6000:3000+30"]

1. e4 c5 2. Nf3 d6 3. g3 Nc6 4. Bg2 Nf6 5. Nc3 g6 6. d4 cxd4 7. Nxd4 Bd7 8. O-O Bg7 9. Re1 Nxd4 10. Qxd4 O-O 11. Qb4 a5 12. Qxb7 Rb8 13. Qa6 Qc7 14. Qd3 Rfc8 15. Rb1 Ng4 16. Bd2 Ne5 17. Qe2 Nc4 18. Nd5 Qd8 19. Bc3 e6 20. Bxg7 Kxg7 21. Ne3 Nxb2 22. Qd2 Be8 23. Ng4 e5 24. Ne3 Rc5 25. c3 Nc4 26. Nxc4 Rxc4 27. Bf1 Rxb1 28. Bxc4 Qb6 29. Rxb1 Qxb1+ 0-1

[Event "4NCL 2019-20"]
[Site "Daventry"]
[Date "2020.01.11"]
[Round "3"]
[White "Hodgson, John H"]
[Black "Head, Louise"]
[Result "1/2-1/2"]
[ECO "B17"]
[WhiteElo "2082"]
[BlackElo "2100"]
[Annotator "ChessBase"]
[PlyCount "53"]
[EventDate "2020.01.11"]
[EventCountry "ENG"]
[SourceTitle "playchess.com"]
[Source "ChessBase"]
[SourceQuality "1"]
[TimeControl "40/6000:3000+30"]

1. e4 c6 2. d4 d5 3. Nd2 dxe4 4. Nxe4 Nd7 5. Ng5 Ngf6 6. Bd3 e6 7. N1f3 Bd6 8. Qe2 h6 9. Ne4 Nxe4 10. Qxe4 Qc7 11. O-O b6 12. Qg4 Kf8 13. b3 Bb7 14. Re1 Nf6 15. Qh3 Bb4 16. Rd1 Bc3 17. Rb1 c5 18. dxc5 bxc5 19. Bd2 Nd5 20. Be4 Bf6 21. c4 Nc3 22. Bxb7 Qxb7 23. Bxc3 Bxc3 24. Rd3 Bf6 25. Rbd1 Ke7 26. Qg3 Rhc8 27. Qf4 1/2-1/2

[Event "4NCL 2019-20"]
[Site "Daventry"]
[Date "2020.01.11"]
[Round "3"]
[White "Jackson, Sheila"]
[Black "Townsend, M Paul"]
[Result "1-0"]
[ECO "B06"]
[WhiteElo "2064"]
[BlackElo "2217"]
[Annotator "ChessBase"]
[PlyCount "99"]
[EventDate "2020.01.11"]
[EventCountry "ENG"]
[SourceTitle "playchess.com"]
[Source "ChessBase"]
[SourceQuality "1"]
[TimeControl "40/6000:3000+30"]

1. e4 g6 2. d4 Bg7 3. Nc3 d6 4. Bg5 a6 5. f4 b5 6. Nf3 Bb7 7. Bd3 Nd7 8. e5 f6 9. exf6 exf6 10. Qe2+ Qe7 11. Qxe7+ Nxe7 12. Bh4 O-O 13. O-O Rfe8 14. Rae1 Nb6 15. Be4 Bxe4 16. Nxe4 Nbd5 17. c3 Nf5 18. Bf2 Nxf4 19. Ng3 Nxg3 20. Bxg3 Ne2+ 21. Kf2 Nxg3 22. Kxg3 Bh6 23. d5 Kf7 24. Nd4 Re5 25. Nc6 Rg5+ 26. Kh3 Bf8 27. Re6 f5 28. g3 Rg4 29. Kg2 Rc4 30. Re3 Re8 31. Rfe1 Rxe3 32. Rxe3 Rc5 33. Nd8+ Kg8 34. Rd3 Rc4 35. b3 Re4 36. Kf2 Re7 37. Re3 Re5 38. c4 Bh6 39. Rxe5 dxe5 40. Ne6 bxc4 41. bxc4 Kf7 42. Nxc7 Ke7 43. c5 Kd7 44. Nxa6 Bf8 45. a4 g5 46. d6 e4 47. Ke3 h5 48. Nb8+ Kc8 49. Nc6 g4 50. Ne7+ 1-0

[Event "4NCL 2019-20"]
[Site "Daventry"]
[Date "2020.01.11"]
[Round "3"]
[White "Lauterbach, Ingrid"]
[Black "Andrzejewska, Anna"]
[Result "1-0"]
[ECO "C00"]
[WhiteElo "2051"]
[BlackElo "1974"]
[Annotator "NA"]
[PlyCount "98"]
[EventDate "2020.01.11"]
[EventCountry "ENG"]
[SourceTitle "playchess.com"]
[Source "ChessBase"]
[SourceQuality "1"]
[TimeControl "40/6000:3000+30"]

1. Nf3 d5 2. g3 Nf6 3. Bg2 e6 4. d3 Be7 5. Nbd2 O-O 6. O-O c5 7. e4 Nc6 8. Re1 Qc7 9. c3 dxe4 10. dxe4 e5 11. Qc2 Rd8 12. Nf1 h6 13. Ne3 Be6 14. b3 b5 15. Bf1 a6 16. Bb2 g6 17. Rad1 Rxd1 18. Rxd1 Rd8 19. Rxd8+ Qxd8 20. Nd2 Ng4 21. Nxg4 Bxg4 22. h3 Be6 23. Bg2 Qd7 24. Kh2 h5 25. h4 Bf6 26. Nf1 c4 27. Ne3 cxb3 28. axb3 Bd8 29. Nd5 Kg7 30. c4 f6 31. cxb5 axb5 32. Qc5 Ne7 33. Ba3 Nxd5 34. exd5 Bf7 35. d6 Be8 36. Bb4 Qg4 37. Bh3 Qd4 38. d7 Qxc5 39. dxe8=N+ Kf7 40. Bxc5 Kxe8 41. Bf1 Kd7 42. Bxb5+ Ke6 43. Bc4+ Kd7 44. Bf7 Kc6 45. b4 g5 46. hxg5 fxg5 47. Bxh5 e4 48. Bf7 Bf6 49. Kg2 Kb5 1-0

[Event "4NCL 2019-20"]
[Site "Daventry"]
[Date "2020.01.11"]
[Round "3"]
[White "Skulte, Christopher"]
[Black "Merry, Alan B"]
[Result "0-1"]
[ECO "C07"]
[WhiteElo "2033"]
[BlackElo "2423"]
[Annotator "ChessBase"]
[PlyCount "38"]
[EventDate "2020.01.11"]
[EventCountry "ENG"]
[SourceTitle "playchess.com"]
[Source "ChessBase"]
[SourceQuality "1"]
[TimeControl "40/6000:3000+30"]

1. e4 e6 2. d4 d5 3. Nd2 c5 4. exd5 Qxd5 5. Ngf3 cxd4 6. Bc4 Qd7 7. Nb3 Nc6 8. Nbxd4 Nxd4 9. Nxd4 a6 10. Bg5 Be7 11. Bxe7 Nxe7 12. Qg4 Qc7 13. Nf3 O-O 14. O-O-O e5 15. Qe4 Bf5 16. Qe2 Nc6 17. Bd3 e4 18. Bxe4 Rfe8 19. Nd2 Bxe4 0-1

[Event "4NCL 2019-20"]
[Site "Daventry"]
[Date "2020.01.11"]
[Round "3"]
[White "Varney, Zoe"]
[Black "Kolbus, Dietmar"]
[Result "0-1"]
[ECO "B04"]
[WhiteElo "2004"]
[BlackElo "2294"]
[Annotator "ChessBase"]
[PlyCount "72"]
[EventDate "2020.01.11"]
[EventCountry "ENG"]
[SourceTitle "playchess.com"]
[Source "ChessBase"]
[SourceQuality "1"]
[TimeControl "40/6000:3000+30"]

1. e4 Nf6 2. e5 Nd5 3. d4 d6 4. exd6 cxd6 5. Nf3 g6 6. c4 Nb6 7. Nc3 Bg7 8. Bd3 O-O 9. O-O Nc6 10. Be3 Bg4 11. h3 Bxf3 12. Qxf3 Qd7 13. d5 Ne5 14. Qe2 Rfc8 15. Bxb6 axb6 16. Rfc1 Ra5 17. Rab1 Nxd3 18. Qxd3 Bxc3 19. bxc3 Rxa2 20. Rxb6 Ra4 21. Rb4 b5 22. Rxb5 Raxc4 23. Rb3 Qc7 24. Kf1 Kg7 25. Ke2 Qc5 26. f3 Rc7 27. g3 Qa5 28. Rc2 Qa1 29. h4 Qg1 30. f4 Qg2+ 31. Kd1 Qh1+ 32. Kd2 R7c5 33. Rc1 Qg2+ 34. Ke1 Re4+ 35. Kd1 Rxd5 36. Qxd5 Qe2# 0-1

[Event "4NCL 2019-20"]
[Site "Daventry"]
[Date "2020.01.11"]
[Round "3"]
[White "O'Gorman, Alice"]
[Black "Povah, Nigel E"]
[Result "0-1"]
[ECO "B47"]
[WhiteElo "1906"]
[BlackElo "2284"]
[Annotator "ChessBase"]
[PlyCount "74"]
[EventDate "2020.01.11"]
[EventCountry "ENG"]
[SourceTitle "playchess.com"]
[Source "ChessBase"]
[SourceQuality "1"]
[TimeControl "40/6000:3000+30"]

1. e4 c5 2. Nf3 Nc6 3. d4 cxd4 4. Nxd4 e6 5. Nc3 Qc7 6. Ndb5 Qb8 7. Be3 a6 8. Bb6 axb5 9. Nxb5 Bb4+ 10. c3 Ba5 11. Nc7+ Qxc7 12. Bxc7 Bxc7 13. Qg4 Be5 14. f4 Nf6 15. Qf3 Bc7 16. g3 O-O 17. Bd3 d5 18. e5 Nd7 19. h4 f6 20. Qh5 h6 21. g4 fxe5 22. g5 e4 23. Rg1 Rf7 24. Be2 Bxf4 25. Bg4 Nde5 26. g6 Rf6 27. Kd1 Bd7 28. Rf1 Nc4 29. Ke2 Raf8 30. Bh3 N4e5 31. Kd1 Nd3 32. Kc2 Nce5 33. b3 b5 34. a4 bxa4 35. bxa4 Nc4 36. Rfb1 Bd6 37. Bf1 Rf2+ 0-1

[Event "4NCL 2019-20"]
[Site "Daventry"]
[Date "2020.01.11"]
[Round "3"]
[White "York-Weaving, Anna"]
[Black "Hebden, Mark L"]
[Result "0-1"]
[ECO "C86"]
[WhiteElo "1739"]
[BlackElo "2434"]
[Annotator "RC"]
[PlyCount "58"]
[EventDate "2020.01.11"]
[EventCountry "ENG"]
[SourceTitle "playchess.com"]
[Source "ChessBase"]
[SourceQuality "1"]
[TimeControl "40/6000:3000+30"]

1. e4 e5 2. Nf3 Nc6 3. Bb5 a6 4. Ba4 Nf6 5. Qe2 Be7 6. c3 b5 7. Bb3 O-O 8. O-O d5 9. exd5 e4 10. dxc6 Bg4 11. d4 exf3 12. gxf3 Bh3 13. Re1 Re8 14. Nd2 Qd6 15. Ne4 Nxe4 16. Qxe4 Bf8 17. Bf4 Rxe4 18. Bxd6 Rxe1+ 19. Rxe1 Bxd6 20. a4 Kf8 21. axb5 axb5 22. c4 bxc4 23. Bxc4 Bb4 24. Rd1 Ke7 25. Bf1 Bxf1 26. Kxf1 Kd6 27. Ke2 Ra2 28. d5 Rxb2+ 29. Ke3 Bc5+ 0-1

[Event "4NCL 2019-20"]
[Site "Daventry"]
[Date "2020.01.11"]
[Round "3"]
[White "Benhamida, Aisha"]
[Black "McDonald, Neil"]
[Result "0-1"]
[ECO "B01"]
[WhiteElo "1577"]
[BlackElo "2408"]
[Annotator "ChessBase"]
[PlyCount "92"]
[EventDate "2020.01.11"]
[EventCountry "ENG"]
[SourceTitle "playchess.com"]
[Source "ChessBase"]
[SourceQuality "1"]
[TimeControl "40/6000:3000+30"]

1. e4 d5 2. exd5 Qxd5 3. Nc3 Qd6 4. Nf3 Nf6 5. Bc4 g6 6. O-O Bg7 7. d3 O-O 8. h3 a6 9. Re1 b5 10. Bb3 Bb7 11. Bg5 Nc6 12. Qd2 Na5 13. Bf4 Qd8 14. Ne5 Nxb3 15. axb3 Re8 16. Bh6 Bh8 17. Qf4 Qd6 18. g4 b4 19. Ne4 Qd5 20. Nc4 Rac8 21. Ra5 Qe6 22. Re5 Nd5 23. Qg3 Bxe5 24. Nxe5 Nf6 25. Ng5 Qd5 26. Qh2 Rf8 27. Bxf8 Rxf8 28. f4 Kg7 29. Ngf3 Ne8 30. Nd2 Nd6 31. Nef3 Qc5+ 32. d4 Qxc2 33. Qe2 Qxb2 34. Rb1 Qc2 35. Rf1 Ne4 36. Re1 Nxd2 37. Nxd2 Kg8 38. Qe3 Rd8 39. Qxe7 Qxd2 40. Re2 Qxd4+ 41. Rf2 Qd1+ 42. Kh2 Qh1+ 43. Kg3 Rd3+ 44. Kh4 Rxh3+ 45. Kg5 Rh5+ 46. Kf6 Qc6+ 0-1

[Event "4NCL 2019-20"]
[Site "Daventry"]
[Date "2020.01.12"]
[Round "4"]
[White "Gormally, Daniel W"]
[Black "Rendle, Thomas E"]
[Result "1/2-1/2"]
[ECO "C08"]
[WhiteElo "2508"]
[BlackElo "2361"]
[Annotator "ChessBase"]
[PlyCount "33"]
[EventDate "2020.01.11"]
[EventCountry "ENG"]
[SourceTitle "playchess.com"]
[Source "ChessBase"]
[SourceQuality "1"]
[TimeControl "40/6000:3000+30"]

1. e4 e6 2. d4 d5 3. Nd2 a6 4. Ngf3 c5 5. exd5 exd5 6. Be2 Nf6 7. O-O Be7 8. dxc5 Bxc5 9. a3 O-O 10. b4 Ba7 11. Bb2 Nc6 12. Nb3 Re8 13. Nfd4 Ne5 14. Na5 Qd6 15. Nf3 Ng6 16. Nd4 Ne5 17. Nf3 1/2-1/2